 Dungeon Crawl Stone Soup version 0.29.1-15-g9cfb28693d (webtiles) character file.

Game seed: 18156864344265583311

2 protoss039 the Digger (level 1, -2/13 HPs)
             Began as a Demonspawn Earth Elementalist on Mar 12, 2023.
             Slain by a goblin
             ... wielding a +0 dagger
              (3 damage)
             ... on level 1 of the Dungeon.
             The game lasted 00:00:22 (32 turns).

protoss039 the Digger (Demonspawn Earth Elementalist) Turns: 32, Time: 00:00:23

Health: -2/13      AC:  2    Str:  8    XL:     1   Next: 33%
Magic:  0/3        EV: 12    Int: 16    God:
Gold:   16         SH:  0    Dex: 13    Spells: 3/4 levels left

rFire   . . .      SeeInvis .   c - +0 short sword
rCold   . . .      Faith    .   (no shield)
rNeg    . . .      Spirit   .   a - +0 robe
rPois   .          Reflect  .   (no helmet)
rElec   .          Harm     .   (no cloak)
rCorr   .          Rampage  .   (no gloves)
Will    .....                   (no boots)
Stlth   ++........              (no amulet)
HPRegen 0.04/turn               (no ring)
MPRegen 0.08/turn               (no ring)

@: no status effects
A: no striking features
a: no special abilities


You were on level 1 of the Dungeon.
You visited 1 branch of the dungeon, and saw 1 of its levels.

You collected 16 gold pieces.

Inventory:

Hand Weapons
 c - a +0 short sword (weapon)
Armour
 a - a +0 robe (worn)
Potions
 b - a potion of magic


   Skills:
 + Level 0.2 Fighting
 - Level 1.7 Dodging
 - Level 1.7 Stealth
 + Level 2.0 Spellcasting
 - Level 0.8 Transmutations
 + Level 2.7 Earth Magic


You had 3 spell levels left.
You knew the following spells:

 Your Spells              Type           Power      Damage    Failure   Level
a - Sandblast             Erth           20%        2d7       7%          1

Your spell library contained the following spells:

 Spells                   Type           Power      Damage    Failure   Level
 Passwall                 Tmut/Erth      5%         N/A       16%         2
 Stone Arrow              Conj/Erth      12%        3d7       34%         3
 Petrify                  Tmut/Erth      7%         N/A       69%         4


Dungeon Overview and Level Annotations

Branches:
Dungeon (1/15) Zot: 5964

Altars:


Message History

The quokka closely misses you.
Unknown command.
Unknown command.
The quokka attacks as you move away! The quokka bites you.
The quokka barely misses you.
The quokka twitches its whiskers.
The quokka bites you. The quokka barely misses you.
The quokka bites you but does no damage.
Things that are here:
a +0 short sword; a kobold corpse
c - a +0 short sword The quokka closely misses you.
A goblin comes into view. It is wielding a +0 dagger.
The quokka attacks as you move away! The quokka bites you.
* * * LOW HITPOINT WARNING * * *
c - a +0 short sword (weapon)
The quokka bites you.
* * * LOW HITPOINT WARNING * * *
You hit the quokka.
The quokka is severely wounded.
The quokka barely misses you.
Casting: Sandblast (safe; 7% risk of failure)
Confirm with . or Enter, or press ? or * to list all spells.
You don't have enough magic to cast this spell.
Unknown command.
Unknown command.
Casting: Sandblast (safe; 7% risk of failure)
Confirm with . or Enter, or press ? or * to list all spells.
You don't have enough magic to cast this spell.
Unknown command.
The quokka barely misses you.
Casting: Sandblast (safe; 7% risk of failure)
Confirm with . or Enter, or press ? or * to list all spells.
Aiming: Sandblast (safe; 7% risk of failure)
Press: ? - help, Shift-Dir - straight line, f - quokka
Aim: a quokka (severely wounded, 75% to hit)
The blast of sand misses the quokka.
The quokka closely misses you. The goblin hits you with a +0 dagger.
You die...

. # ...# #######...#
#..r@.....#
####...g...###
#######.†.....[..#
.#≈≈≈≈....#....†..#
.≈≈≈≈≈....#.......#
.≈≈≈≈~....#.........
.≈≈≈~≈....#..........
.≈≈≈.≈.<..##$$.##....
.≈≈≈....(.##...# ...


You could see a quokka and a goblin.

Vanquished Creatures
  A hobgoblin (D:1)
  A bat (D:1)
  A kobold (D:1)
3 creatures vanquished.

Notes
Turn   | Place    | Note
-------+----------+-------------------------------------------
     0 | D:1      | protoss039 the Demonspawn Earth Elementalist began the
                  | quest for the Orb.
     0 | D:1      | Reached XP level 1. HP: 13/13 MP: 3/3
    32 | D:1      | Slain by a goblin

Illustrated notes

Levels and vault maps discovered:
D:1:      dpeg_arrival_pond, layout_basic, ebering_ecumenical_altar_hall

Action                   || total
-------------------------++-------
Melee: Unarmed           ||     4
       Short sword       ||     1
 Cast: Sandblast         ||     5
Armor: Robe              ||     3
Dodge: Dodged            ||    11
